 Dungeon Crawl Stone Soup version 0.29.1-2-gbd0b4ee654 (webtiles) character file.

Game seed: 2513493086711759940

13259 KittyFluff the Grappler (level 11, -2/150 HPs)
             Began as a Troll Fighter on Nov 28, 2022.
             Was a Priest of Trog.
             Slain by a five-headed hydra (13 damage)
             ... on level 1 of the Lair of Beasts.
             The game lasted 01:07:43 (10658 turns).

KittyFluff the Grappler (Troll Fighter)            Turns: 10658, Time: 01:07:46

Health: -2/150     AC:  8    Str: 26    XL:     11   Next: 73%
Magic:  0/10       EV: 11    Int:  4    God:    Trog [***...]
Gold:   795        SH: 10    Dex: 13    Spells: 10/10 levels left

rFire   . . .      SeeInvis .   q - +1 rapier (flame)
rCold   . . .      Faith    .   c - +0 kite shield
rNeg    . . .      Spirit   +   J - +0 steam dragon scales
rPois   .          Reflect  .   (helmet restricted)
rElec   .          Harm     .   K - +0 cloak
rCorr   .          Rampage  .   (gloves unavailable)
Will    .....                   (boots unavailable)
Stlth   ..........              V - amulet of guardian spirit
HPRegen 1.15/turn               I - ring of flight
MPRegen 0.12/turn               (no ring)

@: berserking (expiring), flying, very quick
A: large, unfitting armour, claws 3, regeneration 1, shaggy fur 1, tough skin 1
a: Renounce Religion, Berserk, Trog's Hand


You were on level 1 of the Lair of Beasts.
You worshipped Trog.
Trog was most pleased with you.
You visited 3 branches of the dungeon, and saw 12 of its levels.
You also visited: Sewer.

You collected 813 gold pieces.
You spent 18 gold pieces at shops.

Inventory:

Hand Weapons
 q - a +1 rapier of flaming (weapon)
 H - a +0 morningstar
 L - a +1 hammer of draining
 P - a +3 vorpal sling
 S - a +0 giant spiked club
Missiles
 a - 18 boomerangs of dispersal
 b - 4 large rocks
 e - 5 curare-tipped darts
 h - 28 stones (quivered)
 i - 2 atropa-tipped darts
 B - 49 poisoned darts
 O - a throwing net
 Q - 3 boomerangs
 X - 3 javelins
Armour
 c - a +0 kite shield (worn)
 o - an orb of mayhem
 J - +0 steam dragon scales (worn)
 K - a +0 cloak (worn)
 R - a +2 robe of willpower
Jewellery
 j - the ring "Wiwnuff" {Ice Will+}
   (You found it on level 7 of the Dungeon)

   [ring of ice]

   It enhances your ice magic.
   rF:        It makes you vulnerable to fire.
   rC:        It protects you from cold.
   Will:      It increases your willpower.
 E - a ring of ice
 I - a ring of flight (left claw)
 V - an amulet of guardian spirit (around neck)
Wands
 s - a wand of acid (6)
 z - a wand of mindburst (23)
 M - a wand of polymorph (14)
 N - a wand of flame (27)
Scrolls
 f - 10 scrolls of teleportation
 k - a scroll of torment {unknown}
 m - a scroll of acquirement {unknown}
 n - 5 scrolls of magic mapping
 p - 3 scrolls of silence {unknown}
 r - 2 scrolls of poison {unknown}
 u - a scroll of vulnerability
 y - 2 scrolls of enchant weapon {unknown}
 A - 2 scrolls of fear {unknown}
 D - a scroll of summoning {unknown}
 G - 4 scrolls of enchant armour
 U - a scroll of immolation
 W - a scroll of butterflies
Potions
 d - 4 potions of might
 g - a potion of invisibility
 l - a potion of mutation
 t - 4 potions of curing
 v - 2 potions of lignification
 w - 2 potions of heal wounds
 x - 2 potions of ambrosia
 C - 4 potions of resistance
 F - a potion of berserk rage
 T - a potion of cancellation


   Skills:
 + Level 4.2 Fighting
 + Level 1.8 Maces & Flails
 * Level 6.5 Throwing
 * Level 7.5 Dodging
 + Level 1.6 Stealth
 * Level 8.6 Shields
 + Level 10.5 Unarmed Combat
 * Level 3.7 Evocations


You had 10 spell levels left.
You didn't know any spells.
Your spell library contained the following spells:

 Spells                   Type           Power      Damage    Failure   Level
 Beastly Appendage        Tmut           0%         N/A       73%         1
 Sandblast                Erth           0%         2d4       73%         1
 Passwall                 Tmut/Erth      0%         N/A       86%         2
 Wereblood                Tmut           0%         N/A       86%         2
 Ignite Poison            Fire/Tmut/Pois 0%         N/A       97%         3
 Mephitic Cloud           Conj/Pois/Air  0%         N/A       97%         3
 Spider Form              Tmut/Pois      0%         N/A       97%         3
 Stone Arrow              Conj/Erth      0%         3d7       97%         3
 Animate Armour           Summ/Erth      0%         N/A       100%        4
 Blade Hands              Tmut           0%         N/A       100%        5
 Freezing Cloud           Conj/Ice/Air   0%         6-21      100%        5
 Iron Shot                Conj/Erth      0%         9d1       100%        6


Dungeon Overview and Level Annotations

Branches:
Dungeon (10/15)            Temple (1/1) D:5            Lair (1/5) D:9
  Sewer (visited)
    Orc: D:9-12

Altars:
Ashenzari
Cheibriados
Elyvilon
Fedhas
Gozag
Hepliaklqana
Kikubaaqudgha
Makhleb
Okawaru
Ru
Sif Muna
Trog
Vehumet
Wu Jian
Xom
Yredelemnul
Zin
The Shining One

Shops:
D:5 *


Innate Abilities, Weirdness & Mutations

You are too large for most types of armour.
You have claws for hands.
Your natural rate of healing is unusually fast.
You are covered in fur. (AC +1)
You have tough skin. (AC +1)


Message History

You puncture the five-headed hydra! You burn the five-headed hydra.
The five-headed hydra is heavily wounded.
You block the five-headed hydra's attack.
The five-headed hydra bites you. x2
The five-headed hydra bites you but does no damage.
The five-headed hydra bites you!
You hit the five-headed hydra. You burn the five-headed hydra.
The five-headed hydra is heavily wounded.
The five-headed hydra bites you.
The five-headed hydra barely misses you. x2
The five-headed hydra bites you!
You block the five-headed hydra's attack.
You puncture the five-headed hydra! You burn the five-headed hydra.
The five-headed hydra is severely wounded.
The five-headed hydra bites you!
* * * LOW HITPOINT WARNING * * *
You block the five-headed hydra's attack.
The five-headed hydra closely misses you.
The five-headed hydra bites you.
* * * LOW HITPOINT WARNING * * *
The five-headed hydra bites you!
* * * LOW HITPOINT WARNING * * *
You barely miss the five-headed hydra.
The five-headed hydra is severely wounded.
You puncture the five-headed hydra! You burn the five-headed hydra.
The five-headed hydra is almost dead.
The five-headed hydra barely misses you.
You block the five-headed hydra's attack. x2
The five-headed hydra bites you.
* * * LOW HITPOINT WARNING * * *
The five-headed hydra bites you!
* * * LOW HITPOINT WARNING * * *
You puncture the five-headed hydra! You burn the five-headed hydra.
The five-headed hydra is almost dead.
You block the five-headed hydra's attack. x2
The five-headed hydra bites you but does no damage.
The five-headed hydra bites you!
* * * LOW HITPOINT WARNING * * *
The five-headed hydra bites you!
You die...

#............#...####..
#..........#....## ##.
##.............## ##
##......#....## #.
##...##..##..# ##
#####..####.## ###.##
##.#### #..## ##.#.#
##@..# ##.## ###D####
##.## ##..YY.# #..##
##......# ##..##
###.......# #...#
.######.........##
###..
.....#...........# ##.
................## ##
................# #.


You could see a five-headed hydra and a yak.

Vanquished Creatures
  2 two-headed ogres
  Joseph (D:9)
  Maurice (D:8)
  A cane toad (Lair:1)
  A kobold demonologist (D:10)
  Maggie (D:8)
  A komodo dragon (D:9)
  4 blink frogs (Lair:1)
  A hornet (D:8)
  Sigmund (D:6)
  25 yaks
  Grum (D:8)
  A steam dragon (D:8)
  4 vampire mosquitoes (D:10)
  Menkaure (D:6)
  4 water moccasins
  2 orc warriors
  3 ice beasts
  2 sky beasts (D:7)
  A black bear (D:9)
  4 wolves (D:8)
  2 centaurs
  11 kobold brigands
  A gnoll sergeant (D:9)
  2 necrophages
  7 bullfrogs
  3 scorpions
  7 wights
  5 killer bees (D:9)
  3 howler monkeys
  2 hounds
  2 orc priests
  Crazy Yiuf (D:7)
  3 jellies
  Natasha (twice) (D:2)
  An iguana (D:6)
  7 orc wizards
  6 gnolls
  8 adders
  3 river rats
  A shadow imp (D:8)
  3 white imps
  An ufetubus (D:6)
  6 worms
  6 dart slugs
  49 orcs
  7 bats
  14 endoplasms
  2 giant cockroaches (D:4)
  9 goblins
  13 hobgoblins
  5 jackals
  10 quokkas
  10 ball pythons
  3 frilled lizards
  45 kobolds
  9 rats
331 creatures vanquished.

Vanquished Creatures (others)
  An orc wizard (D:5)
  62 fungi (D:9)
  58 plants
121 creatures vanquished.

Grand Total: 452 creatures vanquished

Notes
Turn   | Place    | Note
-------+----------+-------------------------------------------
     0 | D:1      | KittyFluff the Troll Fighter began the quest for the Orb.
     0 | D:1      | Reached XP level 1. HP: 22/22 MP: 0/0
   102 | D:1      | Reached XP level 2. HP: 14/29 MP: 1/1
   139 | D:1      | Found a faded altar of an unknown god.
   390 | D:1      | Reached XP level 3. HP: 36/36 MP: 2/2
  1136 | D:2      | Reached skill level 1 in Unarmed Combat
  1146 | D:2      | Found a radiant altar of Vehumet.
  1184 | D:2      | Reached skill level 1 in Throwing
  1229 | D:2      | Reached XP level 4. HP: 36/44 MP: 3/3
  1324 | D:2      | Noticed Natasha
  1352 | D:2      | Killed Natasha
  1585 | D:2      | Noticed Natasha
  1600 | D:2      | Killed Natasha
  1601 | D:2      | Reached skill level 2 in Unarmed Combat
  1601 | D:2      | Reached XP level 5. HP: 49/52 MP: 4/4
  2979 | D:4      | Found an iron altar of Okawaru.
  3233 | D:4      | Reached skill level 3 in Unarmed Combat
  3233 | D:4      | Reached XP level 6. HP: 51/59 MP: 5/5
  3317 | D:4      | Found a glowing drain.
  3330 | Sewer    | Entered a sewer
  3549 | Sewer    | Reached skill level 4 in Unarmed Combat
  3549 | Sewer    | Reached XP level 7. HP: 58/67 MP: 6/6
  4047 | D:5      | Entered Level 5 of the Dungeon
  4105 | D:5      | Found Qevvel's Assorted Antiques.
  4124 | D:5      | Bought a scroll labelled SABEAXI BAZUAL for 18 gold pieces
  4221 | D:5      | Found a staircase to the Ecumenical Temple.
  4321 | D:5      | Reached skill level 5 in Unarmed Combat
  4378 | D:5      | Reached XP level 8. HP: 53/75 MP: 7/7
  4432 | D:5      | Found a glowing golden altar of the Shining One.
  4572 | D:6      | Noticed Menkaure
  4615 | D:6      | Killed Menkaure
  4723 | D:6      | Reached skill level 5 in Shields
  4821 | D:6      | Reached skill level 1 in Stealth
  4986 | D:6      | Reached skill level 6 in Unarmed Combat
  5072 | D:6      | Noticed Sigmund
  5094 | D:6      | Killed Sigmund
  5174 | Temple   | Entered the Ecumenical Temple
  5197 | Temple   | Became a worshipper of Trog the Wrathful
  5275 | D:7      | Reached skill level 5 in Dodging
  5418 | D:7      | Reached XP level 9. HP: 83/83 MP: 8/8
  5454 | D:7      | Identified the ring "Wiwnuff" {Ice Will+}
  5470 | D:7      | Found a white marble altar of Elyvilon.
  5591 | D:7      | Found a radiant altar of Vehumet.
  5618 | D:7      | Found a runed translucent door.
  5619 | D:7      | Noticed Crazy Yiuf
  5627 | D:7      | Killed Crazy Yiuf
  5683 | D:7      | Reached * piety under Trog
  5684 | D:7      | Reached skill level 7 in Unarmed Combat
  5760 | D:7      | Found a broken altar of Ashenzari.
  5874 | D:7      | Reached skill level 1 in Evocations
  5992 | D:8      | Noticed Grum
  6119 | D:8      | Killed Grum
  6178 | D:8      | Noticed Maurice
  6191 | D:8      | Killed Maurice
  6310 | D:8      | Reached XP level 10. HP: 65/91 MP: 9/9
  6450 | D:8      | Noticed Maggie
  6469 | D:8      | Killed Maggie
  6470 | D:8      | Reached skill level 5 in Throwing
  6470 | D:8      | Reached skill level 8 in Unarmed Combat
  6858 | D:8      | Found a sacrificial altar of Ru.
  6871 | D:8      | Found a glowing silver altar of Zin.
  6911 | D:8      | Found an ornate altar of the Wu Jian Council.
  6948 | D:8      | Found a shimmering blue altar of Sif Muna.
  6951 | D:8      | Found a burning altar of Makhleb.
  7198 | D:9      | Found a hazy altar of Hepliaklqana.
  7263 | D:9      | Reached ** piety under Trog
  7497 | D:9      | Noticed Joseph
  7510 | D:9      | Killed Joseph
  7649 | D:9      | Found a staircase to the Lair.
  7673 | D:9      | Reached skill level 9 in Unarmed Combat
  7921 | D:9      | Reached XP level 11. HP: 83/98 MP: 10/10
  8008 | D:9      | Noticed a two-headed ogre
  8067 | D:9      | Killed a two-headed ogre
  8621 | D:10     | Entered Level 10 of the Dungeon
  8828 | D:10     | Reached *** piety under Trog
  9168 | D:10     | Noticed a two-headed ogre
  9176 | D:10     | Killed a two-headed ogre
  9294 | D:10     | Reached skill level 10 in Unarmed Combat
  9608 | Lair:1   | Entered Level 1 of the Lair of Beasts
  9616 | Lair:1   | Identified the +6 scale mail of Tomorrow {rC+ Dex+2 SInv}
 10623 | Lair:1   | Noticed a five-headed hydra
 10658 | Lair:1   | Slain by a five-headed hydra

Illustrated notes

Levels and vault maps discovered:
D:1:      lemuel_arrival_river_bridge, layout_loops_ring,
          shapermc_ecumenical_altar_notcrosses, minmay_misc_feat_four_crosses
D:2:      layout_basic, basic_altar, uniq_natasha
D:3:      layout_basic, chequers_serial_rivers_micro_e, grunt_ministairs_3,
          hex_medium
D:4:      layout_rooms, okawaru_metal_pillars_1_2, portal_sewer_entry_e
D:5:      layout_rooms, mainiacjoe_overflow_concentric_impassable,
          minmay_temple_entry_wispy, serial_shops, shop
D:6:      layout_rooms, minmay_unpleasant_kobolds, uniq_menkaure, uniq_sigmund
D:7:      layout_rooms, mainiacjoe_overflow_surrounded_room, elyvilon_altar_3,
          vehumet_crystals, uniq_crazy_yiuf_cottage
D:8:      layout_cave_pools, grunt_temple_overflow_cloverleaf,
          pdpol_wu_jian_five_deadly_venoms, hangedman_glass_teeth, uniq_maurice,
          uniq_grum, uniq_maggie
D:9:      layout_cave_pods, old_standard_altar, due_lair_maze_entry_diamond,
          special_room [special_room_orc], uniq_joseph
D:10:     layout_roguey
Temple:   hellmonk_temple_of_storms
Lair:1:   layout_cave_pods, grunt_megastairs_3

Skill      XL: |  1  2  3  4  5  6  7  8  9 10 11 |
---------------+----------------------------------+-----
Shields        | 3 4 5 6 7 8 |  8.6
Unarmed Combat | 1 2 3 4 5 6 7 9 10 | 10.5
Throwing       | 1 2 3 4 5 6 |  6.5
Dodging        | 3 4 5 6 7 |  7.5
Fighting       | 3 4 |  4.2
Stealth        | 1 |  1.6
Evocations     | 1 2 3 |  3.7
Maces & Flails | |  1.8

Action                   |  1- 3 |  4- 6 |  7- 9 | 10-12 || total
-------------------------+-------+-------+-------+-------++-------
Melee: Unarmed           |    92 |   260 |   317 |   436 ||  1105
       Rapier            |       |       |       |    14 ||    14
Throw: Stone             |       |     3 |    27 |    99 ||   129
       Dart              |       |       |     2 |       ||     2
Invok: Berserk           |       |       |     2 |    10 ||    12
  Use: Scroll            |       |     3 |    10 |     6 ||    19
       Potion            |       |       |       |     1 ||     1
 Stab: Sleeping          |       |       |     1 |     1 ||     2
Armor: Robe              |    24 |    35 |    71 |     1 ||   131
       Skin              |       |     3 |       |       ||     3
       Steam dragon scal |       |       |       |    95 ||    95
Dodge: Dodged            |    15 |    79 |    96 |   186 ||   376
Block: Kite shield       |    27 |    72 |   117 |   189 ||   405
